 Dungeon Crawl Stone Soup version 0.26-b1-32-g5d43845318 (webtiles) character file.

Game seed: 18033648265555152696

7744 Borgoz the Fighter (level 11, -9/97 HPs)
             Began as a Ghoul Gladiator on Jan 13, 2021.
             Was an Elder of Okawaru.
             Mangled by a blink frog (15 damage)
             ... on level 1 of the Lair of Beasts.
             The game lasted 00:14:05 (12585 turns).

Borgoz the Fighter (Ghoul Gladiator)               Turns: 12585, Time: 00:14:06

Health: -9/97      AC: 12    Str: 21    XL:     11   Next: 20%
Magic:  13/13      EV: 15    Int:  3    God:    Okawaru [****..]
Gold:   667        SH:  0    Dex: 11    Spells: 10/10 levels left

rFire    + . .     SeeInvis .   P - +1 morningstar
rCold    + + .     Faith    +   (no shield)
rNeg     + + +     Spirit   .   v - +1 leather armour {rF+}
rPois    ∞         Reflect  .   c - +0 helmet
rElec    .         Harm     .   m - +1 cloak
rCorr    .         Rampage  .   H - +0 pair of gloves
Will     +....                  l - +1 pair of boots
Stlth    +.........             K - amulet of faith
HPRegen  0.00/turn              n - ring of willpower
MPRegen  0.13/turn              C - ring of protection from cold

@: about to teleport
A: claws 1, cold resistance 1, negative energy resistance 3, inhibited
regeneration, torment resistance, unbreathing
a: Renounce Religion, Heroism


You were on level 1 of the Lair of Beasts.
You worshipped Okawaru.
Okawaru was greatly pleased with you.
You visited 3 branches of the dungeon, and saw 13 of its levels.

You collected 667 gold pieces.

Inventory:

Hand Weapons
 P - a +1 morningstar (weapon)
Armour
 c - a +0 helmet (worn)
 l - a +1 pair of boots (worn)
 m - a +1 cloak (worn)
 v - a +1 leather armour of fire resistance (worn)
 H - a +0 pair of gloves (worn)
Jewellery
 h - an uncursed amulet of reflection
 n - a ring of willpower (left hand)
 C - a ring of protection from cold (right hand)
 K - an amulet of faith (around neck)
Wands
 B - a wand of paralysis (29)
 E - a wand of digging (14)
 J - a wand of disintegration (11)
 R - a wand of flame (16)
Scrolls
 e - 8 scrolls of remove curse
 g - 2 scrolls of blinking
 s - 2 scrolls of teleportation
 F - 2 scrolls of fear
Potions
 f - 6 potions of curing
 j - 3 potions of resistance
 r - 2 potions of might
 D - a potion of heal wounds
 Q - 2 potions of haste


   Skills:
 * Level 9.3 Fighting
 * Level 8.0 Maces & Flails
 - Level 1.7 Throwing
 * Level 7.4 Armour
 * Level 8.0 Dodging
 + Level 4.9 Invocations


You had 10 spell levels left.
You didn't know any spells.
Your spell library contained the following spells:

 Spells                   Type           Power        Failure   Level
 Sandblast                Erth           0%           56%         1
 Passwall                 Tmut/Erth      0%           71%         2
 Stone Arrow              Conj/Erth      0%           91%         3
 Petrify                  Tmut/Erth      0%           100%        4
 Lee's Rapid Deconstruct  Erth           0%           100%        5
 Metabolic Englaciation   Hex/Ice        0%           100%        5
 Freezing Cloud           Conj/Ice/Air   0%           100%        6
 Ozocubu's Refrigeration  Ice            0%           100%        6
 Simulacrum               Ice/Necr       0%           100%        6
 Ice Form                 Ice/Tmut       Unusable     N/A         4

Dungeon Overview and Level Annotations

Branches:
Dungeon (11/15)            Temple (1/1) D:5            Lair (1/6) D:10
    Orc (0/2) D:9

Altars:
Ashenzari
Cheibriados
Dithmenos
Elyvilon
Fedhas
Gozag
Hepliaklqana
Kikubaaqudgha
Makhleb
Nemelex Xobeh
Okawaru
Qazlal
Ru
Sif Muna
Trog
Uskayaw
Vehumet
Wu Jian
Xom
Yredelemnul
Zin
The Shining One

Annotations:
D:10 exclusion: ice statue
Lair:1 3 runed translucent doors, Raspi's ghost, journeyman GrMo


Innate Abilities, Weirdness & Mutations

You thrive by killing the living.
You are immune to poison.
You have sharp fingernails.
Your flesh is cold resistant. (rC+)
You are immune to negative energy. (rN+++)
You do not regenerate when monsters are visible.
You are immune to unholy pain and torment.
You can survive without breathing.


Message History

The blink frog is moderately wounded.
The blink frog hits you!
* * * LOW HITPOINT WARNING * * *
The blink frog hits you but does no damage.
You closely miss the blink frog.
The blink frog is moderately wounded.
The blink frog hits you!
* * * LOW HITPOINT WARNING * * *
The blink frog blinks!
The blink frog hits you but does no damage.
The blink frog blinks!
The blink frog blinks!
The blink frog blinks!
The blink frog hits you!
* * * LOW HITPOINT WARNING * * *
The blink frog hits you but does no damage.
As you read the scroll of teleportation, it crumbles to dust.
You feel strangely unstable.
The blink frog blinks!
The blink frog blinks!
The blink frog hits you!
You die...

#.... #. ...#
#.....##..... #
#...... ..... ...
###.....# #..# ....
##.......###.#####...#
......................
..........F....†......
..........@..F........
....................#.
..##....§#§#.##.#.>.#
#.....#...$..# .##
+.....#......#
#.....#.F....#
+.....#........
#.....#......#.. .
##.....#......#..#


You could see 3 blink frogs.

Vanquished Creatures
  2 two-headed ogres
  A cane toad (Lair:1)
  A komodo dragon (D:10)
  A troll (D:10)
  6 yaks (D:9)
  A wyvern (D:9)
  Menkaure (D:5)
  2 water moccasins
  An orc warrior (D:9)
  3 ice beasts
  A sky beast (D:7)
  An eye of draining (D:10)
  4 phantoms
  2 ogres
  2 centaurs
  2 big kobolds (D:11)
  7 bullfrogs
  A wyvern skeleton (D:6)
  6 scorpions
  5 killer bees (D:7)
  A troll zombie (D:9)
  2 howler monkeys
  A centaur zombie (D:9)
  6 hounds
  9 orc wizards
  A quasit (D:11)
  A bullfrog zombie (D:9)
  4 jellies
  5 orc priests
  4 bullfrog skeletons
  7 worker ants
  3 iguanas
  A killer bee zombie (D:7)
  7 ogre zombies (D:9)
  A hound zombie (D:3)
  4 hound skeletons
  2 worker ant zombies (D:5)
  A howler monkey skeleton (D:6)
  15 adders
  14 gnolls
  A shadow imp (D:10)
  A white imp (D:6)
  2 ufetubi
  3 oozes
  2 adder skeletons
  5 worms
  A dart slug (D:4)
  6 leopard geckos
  33 orcs
  9 bats
  9 giant cockroaches
  4 goblins
  6 hobgoblins
  12 jackals
  14 kobolds
  7 quokkas
  4 frilled lizards
  A goblin skeleton (D:9)
  6 goblin zombies (D:9)
  3 hobgoblin zombies (D:9)
  A leopard gecko skeleton (D:4)
  15 orc zombies (D:9)
  A quokka zombie (D:6)
  7 rats
292 creatures vanquished.

Vanquished Creatures (others)
  45 plants
45 creatures vanquished.

Grand Total: 337 creatures vanquished

Notes
Turn   | Place    | Note
-------+----------+-------------------------------------------
     0 | D:1      | Borgoz the Ghoul Gladiator began the quest for the Orb.
     0 | D:1      | Reached XP level 1. HP: 17/17 MP: 0/0
   330 | D:1      | Reached XP level 2. HP: 25/25 MP: 1/1
   937 | D:2      | Reached skill level 1 in Armour
   937 | D:2      | Reached XP level 3. HP: 7/30 MP: 2/2
  1613 | D:2      | Reached XP level 4. HP: 35/37 MP: 3/3
  1621 | D:2      | Reached skill level 3 in Fighting
  1654 | D:2      | Noticed an ice beast
  1695 | D:2      | Killed an ice beast
  1696 | D:2      | Reached XP level 5. HP: 33/45 MP: 4/4
  2297 | D:3      | Reached XP level 6. HP: 47/52 MP: 5/5
  2324 | D:3      | Reached skill level 4 in Fighting
  2564 | D:3      | Found a shadowy altar of Dithmenos.
  3066 | D:4      | Reached XP level 7. HP: 30/60 MP: 6/6
  4219 | D:5      | Entered Level 5 of the Dungeon
  4407 | D:4      | Reached skill level 5 in Fighting
  4738 | D:5      | Reached XP level 8. HP: 43/68 MP: 7/7
  5107 | D:5      | Reached skill level 5 in Maces & Flails
  5254 | D:5      | Found a shimmering altar of Xom.
  5254 | D:5      | Found a faded altar of an unknown god.
  5259 | D:5      | Found a sacrificial altar of Ru.
  5261 | D:5      | Found a shimmering blue altar of Sif Muna.
  5262 | D:5      | Found a stormy altar of Qazlal.
  5367 | D:5      | Noticed Menkaure
  5375 | D:5      | Killed Menkaure
  5376 | D:5      | Reached skill level 5 in Dodging
  5446 | D:5      | Found a staircase to the Ecumenical Temple.
  5453 | Temple   | Entered the Ecumenical Temple
  5545 | Temple   | Became a worshipper of Warmaster Okawaru
  6316 | D:6      | Reached skill level 6 in Fighting
  6316 | D:6      | Reached skill level 1 in Invocations
  6334 | D:6      | Got a faintly glowing battleaxe
  6335 | D:6      | Identified the +11 battleaxe of the Vulture {pain, +Blink
                  | +Rage rC+} (You found it on level 6 of the Dungeon)
  6935 | D:7      | Reached XP level 9. HP: 74/75 MP: 9/9
  6947 | D:7      | Reached * piety under Okawaru
  6952 | D:7      | Reached skill level 5 in Armour
  7413 | D:7      | Found a glowing golden altar of the Shining One.
  8498 | D:8      | Got a shimmering quarterstaff
  8508 | D:8      | Reached skill level 7 in Fighting
  8826 | D:9      | Reached ** piety under Okawaru
  9407 | D:9      | Reached XP level 10. HP: 27/88 MP: 11/11
  9409 | D:9      | Reached *** piety under Okawaru
  9424 | D:9      | Reached skill level 8 in Fighting
  9801 | D:9      | Found a staircase to the Orcish Mines.
  9910 | D:9      | Noticed a two-headed ogre
  9918 | D:9      | Killed a two-headed ogre
 10070 | D:9      | Received a gift from Okawaru
 10659 | D:10     | Entered Level 10 of the Dungeon
 10677 | D:10     | Reached **** piety under Okawaru
 10677 | D:10     | Received a gift from Okawaru
 11082 | D:10     | Noticed a two-headed ogre
 11087 | D:10     | Killed a two-headed ogre
 11088 | D:10     | Reached skill level 9 in Fighting
 11088 | D:10     | Reached XP level 11. HP: 72/97 MP: 13/13
 11436 | D:10     | Found a staircase to the Lair.
 11956 | D:11     | Received a gift from Okawaru
 11977 | D:11     | Noticed a five-headed hydra
 12363 | D:10     | Identified the +9 quarterstaff of Until {drain, Str+2
                  | Dex+2} (You found it on level 8 of the Dungeon)
 12412 | D:10     | Identified a scroll of acquirement
 12412 | D:10     | Acquired the +9 crystal plate armour "Ceokoc" {rElec Will-
                  | Int+4}
 12533 | Lair:1   | Entered Level 1 of the Lair of Beasts
 12540 | Lair:1   | Found a runed translucent gate.
 12541 | Lair:1   | Found a runed translucent gate.
 12541 | Lair:1   | Noticed a nine-headed hydra
 12541 | Lair:1   | Noticed Raspi's ghost (journeyman GrMo)
 12543 | Lair:1   | Found a runed translucent gate.
 12585 | Lair:1   | Mangled by a blink frog

Illustrated notes

Levels and vault maps discovered:
D:1:      dpeg_arrival_arbitrary_b, layout_loops_ring, serial_glass,
          glass_columns_b, glass_columns_a, feat_on_display
D:2:      layout_basic, minmay_fractal_squares_gapless_5
D:3:      layout_basic, grunt_dithmenos_smoke
D:4:      minmay_chambers_of_threes, layout_basic
D:5:      layout_gridville, chequers_temple_overflow_minitemple,
          minmay_temple_entry_hall, uniq_menkaure
D:6:      layout_gridville
D:7:      layout_layer_cave, lemuel_round_altar
D:8:      layout_loops_ring, minmay_starry_boxes
D:9:      layout_basic, zombieorc2_lemuel
D:10:     lemuel_ice_statue, layout_gridville, david_lair_shrubbed
D:11:     layout_basic, kennysheep_generic_room_11
Temple:   lightli_temple_of_artemis
Lair:1:   layout_regular_city, gammafunk_ghost_hydra_chop, uniq_erica

Skill      XL: |  1  2  3  4  5  6  7  8  9 10 11 |
---------------+----------------------------------+-----
Maces & Flails | 3 4 5 6 7 8 |  8.0
Armour         | 1 2 3 4 6 7 |  7.4
Dodging        | 3 4 5 6 7 8 |  8.0
Fighting       | 3 4 5 6 7 9 |  9.3
Invocations    | 1 3 4 |  4.9
Throwing       | |  1.7

Action                   |  1- 3 |  4- 6 |  7- 9 | 10-12 || total
-------------------------+-------+-------+-------+-------++-------
Melee: Flail             |    84 |   309 |   345 |       ||   738
       Battleaxe         |       |       |   165 |   206 ||   371
       Morningstar       |       |       |       |    21 ||    21
Throw: Throwing net      |     1 |     1 |     2 |     7 ||    11
  Use: Scroll            |       |       |       |    22 ||    22
       Potion            |       |       |       |     2 ||     2
 Stab: Held in net/web   |       |     1 |       |     1 ||     2
Armor: Leather armour    |    33 |   114 |   166 |    67 ||   380
Dodge: Dodged            |    61 |   239 |   387 |   175 ||   862
Block: Other             |    15 |    92 |   139 |    40 ||   286
       Reflection        |       |       |     2 |       ||     2
